 Dungeon Crawl Stone Soup version 0.18-a0-1120-g03bd624 (webtiles) character file.

35 Chiseanne the Skirmisher (level 3, 0/30 HPs)
             Began as a Centaur Air Elementalist on Jan 17, 2016.
             Slain by a jackal (1 damage)
             ... on level 1 of the Dungeon.
             The game lasted 00:03:00 (1806 turns).

Chiseanne the Skirmisher (Centaur Air Elementalist) Turns: 1806, Time: 00:03:00

Health: 0/30       AC:  5    Str: 10    XL:     3   Next: 16%
Magic:  0/5        EV:  9    Int: 15    God:
Gold:   80         SH:  0    Dex:  9    Spells: 2 memorised, 2 levels left

rFire  . . .     SeeInvis .     k - +0 short sword
rCold  . . .     Gourm    .     a - +0 robe
rNeg   . . .     Faith    .     (no shield)
rPois  .         Spirit   .     e - +0 hat
rElec  .         Dismiss  .     (no cloak)
rCorr  .         Reflect  .     g - +0 pair of gloves
SustAt .         Harm     .     (no barding)
MR     .....                    (no amulet)
Stlth  +.........               (no ring)
                                (no ring)

@: very slightly contaminated, repel missiles, very quick, not resistant to
hostile enchantments, very unstealthy
A: hooves 3, deformed body, speed 2, tough skin 3
a: no special abilities


You were on level 1 of the Dungeon.
You were hungry.

You visited 1 branch of the dungeon, and saw 2 of its levels.

You collected 80 gold pieces.

Inventory:

Hand Weapons
 k - a +0 short sword (weapon)
 p - a +0 vampiric whip
Missiles
 j - 15 arrows of flame
Armour
 a - a +0 robe (worn)
 e - a +0 hat (worn)
 g - a +0 pair of gloves (worn)
Jewellery
 r - a cursed ring of loudness {unknown}
Potions
 h - a potion of might
 l - a potion of lignification
 n - a potion of heal wounds
 o - a potion of agility {unknown}
Books
 b - a book of Air

   Spells                             Type                      Level
   a - Shock                          Conjuration/Air              1
   b - Swiftness                      Charms/Air                   2
   c - Repel Missiles                 Charms/Air                   2
   d - Static Discharge               Conjuration/Air              3
   e - Lightning Bolt                 Conjuration/Air              5
Comestibles
 c - a bread ration
 d - a slice of pizza
 f - 3 fruits
 q - 3 chunks of flesh


   Skills:
 + Level 2.8 Fighting
 - Level 1.3 Dodging
 - Level 1.2 Stealth
 - Level 1.5 Spellcasting
 - Level 0.8 Conjurations
 - Level 2.6 Air Magic


You had 2 spell levels left.
You knew the following spells:

 Your Spells              Type           Power        Failure   Level  Hunger
a - Shock                 Conj/Air       #...         12%         1    ##.....
b - Repel Missiles        Chrm/Air       #.....       21%         2    ###....


Dungeon Overview and Level Annotations

Branches:
Dungeon (2/15)

Altars:


Innate Abilities, Weirdness & Mutations

You have hooves in place of feet.
Armour fits poorly on your strangely shaped body.
You cover ground very quickly.
You have extremely tough skin (AC +3).


Message History

Aim: a jackal The zap hits the jackal.
The jackal is severely wounded.
The jackal bites you but does no damage.
The jackal barely misses you.
The jackal bites you but does no damage.
Casting: Shock
Confirm with . or Enter, or press ? or * to list all spells.
Aiming: Shock
Press: ? - help, Shift-Dir - straight line, f/p - jackal
Aim: a jackal (severely wounded)
The zap hits the jackal.
The jackal is almost dead.
The jackal barely misses you. The jackal closely misses you.
You hit the jackal.
The jackal is severely wounded.
The jackal barely misses you.
The jackal bites you but does no damage.
The jackal bites you.
You die...

####### ......# ### #####.#
##.## #####.# ##.#.##
....#.###.....################
......##.#....lh@h...........#
###.#.###.....#########...##.#
###.#.# ##...## #.....#.####
......# ##.## ##...##....†
##.[#.# #.# ##.########
......# #.# #.# ##.#### #.#
#.# #.# #.# ##'## #.# #.#
##...##


You could see a giant gecko and 2 jackals.

Vanquished Creatures
  An adder (D:1)
  A giant cockroach (D:1)
  4 goblins
  3 hobgoblins
  2 ball pythons (D:1)
  3 bats (D:1)
  6 giant newts
  4 kobolds (D:1)
  3 rats (D:1)
27 creatures vanquished.

Notes
Turn   | Place    | Note
--------------------------------------------------------------
     0 | D:1      | Chiseanne the Centaur Air Elementalist began the quest for the Orb.
     0 | D:1      | Reached XP level 1. HP: 14/14 MP: 3/3
   162 | D:1      | Reached skill level 1 in Fighting
   552 | D:1      | Reached XP level 2. HP: 17/23 MP: 4/4
  1539 | D:1      | Reached XP level 3. HP: 30/30 MP: 0/5
  1685 | D:1      | Learned a level 2 spell: Repel Missiles
  1803 | D:1      | HP: 1/30 [jackal (3)]
  1806 | D:1      | Slain by a jackal

Vault maps used:
D:1:      tarquinn_simple_flora_water_b
D:2:      ecumenical_altar_2

Action                   || total
-------------------------++-------
Melee: Unarmed           ||    27
       Club              ||    17
       Short sword       ||    81
 Cast: Shock             ||    16
       Repel Missiles    ||     1
  Use: Scroll            ||     5
  Eat: Chunk             ||     2
